[Event "Xtracon Invite Chess 2020"]
[Site "Vaerloese"]
[Date "2020.01.17"]
[Round "7.3"]
[White "Kristensen, Kaare Hove"]
[Black "Yankelevich, Lev"]
[Result "0-1"]
[ECO "E76"]
[WhiteElo "2350"]
[BlackElo "2483"]
[Annotator "ChessBase"]
[PlyCount "88"]
[EventDate "2020.01.13"]
[EventType "tourn"]
[EventCountry "DEN"]
[SourceTitle "playchess.com"]
[Source "ChessBase"]
[SourceQuality "1"]
[TimeControl "40/5400+30:1800+30"]

1. c4 g6 2. Nc3 Bg7 3. d4 Nf6 4. e4 d6 5. f4 c5 6. dxc5 O-O 7. Nf3 Na6 8. cxd6 exd6 9. Bd3 Qb6 10. Qe2 Nc5 11. Rb1 Re8 12. Be3 Bf5 13. Bxc5 Qxc5 14. Kd2 Nxe4+ 15. Nxe4 Qb4+ 16. Kd1 d5 17. a3 Qa4+ 18. b3 Qd7 19. cxd5 Bxe4 20. Bxe4 f5 21. Ne5 Bxe5 22. Bf3 Bxf4 23. Qc4 Qd6 24. Re1 Bxh2 25. Rxe8+ Rxe8 26. Kc2 Re7 27. Kb2 Rc7 28. Qd3 Be5+ 29. Ka2 Rc3 30. Qe2 Qc7 31. Rb2 Rc1 32. d6 Qxd6 33. Rb1 Rxb1 34. Kxb1 Qd4 35. b4 b6 36. Ka2 Qc3 37. g4 fxg4 38. Bxg4 Kg7 39. Bf3 a5 40. bxa5 bxa5 41. a4 h5 42. Be4 h4 43. Qg2 Qc4+ 44. Ka3 Qb4+ 0-1

[Event "Xtracon Invite Chess 2020"]
[Site "Vaerloese"]
[Date "2020.01.17"]
[Round "7.4"]
[White "Sveshnikov, Evgeny"]
[Black "Brunello, Sabino"]
[Result "1-0"]
[ECO "B99"]
[WhiteElo "2481"]
[BlackElo "2536"]
[Annotator "ChessBase"]
[PlyCount "79"]
[EventDate "2020.01.13"]
[EventType "tourn"]
[EventCountry "DEN"]
[SourceTitle "playchess.com"]
[Source "ChessBase"]
[SourceQuality "1"]
[TimeControl "40/5400+30:1800+30"]

1. e4 c5 2. Nf3 d6 3. d4 cxd4 4. Nxd4 Nf6 5. Nc3 a6 6. Bg5 e6 7. f4 Nbd7 8. Qf3 Qc7 9. O-O-O Be7 10. f5 e5 11. Nb3 b5 12. a3 Bb7 13. Bxf6 Nxf6 14. g4 Rc8 15. Bd3 h6 16. h4 h5 17. g5 Ng4 18. Nd5 Bxd5 19. exd5 Qb6 20. Rd2 f6 21. g6 Bd8 22. Re1 Kd7 23. Kb1 Qa7 24. Re4 Qg1+ 25. Ka2 Bb6 26. Rg2 Qh1 27. Qe2 Ke7 28. Nd2 Qxh4 29. c4 Qh1 30. cxb5 axb5 31. Bxb5 Rc1 32. Nb3 Rhc8 33. Bc6 R8xc6 34. dxc6 Rxc6 35. Qb5 Kd7 36. Ree2 Ne3 37. Rh2 Qf3 38. Rxe3 Qxe3 39. Rxh5 Qe4 40. Rh7 1-0

[Event "Xtracon Invite Chess 2020"]
[Site "Vaerloese"]
[Date "2020.01.17"]
[Round "7.5"]
[White "Sylvan, Jacob"]
[Black "Olsen, Filip Boe"]
[Result "1/2-1/2"]
[ECO "A13"]
[WhiteElo "2325"]
[BlackElo "2353"]
[Annotator "ChessBase"]
[PlyCount "103"]
[EventDate "2020.01.13"]
[EventType "tourn"]
[EventCountry "DEN"]
[SourceTitle "playchess.com"]
[Source "ChessBase"]
[SourceQuality "1"]
[TimeControl "40/5400+30:1800+30"]

1. c4 e6 2. g3 d5 3. Bg2 Nf6 4. Nf3 d4 5. e3 c5 6. exd4 cxd4 7. O-O Nc6 8. d3 Bd6 9. Re1 O-O 10. Na3 Re8 11. Nc2 e5 12. Rb1 a5 13. b3 Bf5 14. a3 h6 15. b4 axb4 16. axb4 Bh7 17. c5 Bb8 18. b5 Ne7 19. Nb4 Ned5 20. Bd2 Nxb4 21. Bxb4 Nd5 22. Nxd4 Nf4 23. Nc6 bxc6 24. gxf4 Ra2 25. Bxc6 Re6 26. Qf3 Qh4 27. Re2 e4 28. dxe4 Rxe2 29. Qxe2 Bxf4 30. f3 Bf5 31. Kh1 Bh3 32. Rg1 Re5 33. Bc3 Rg5 34. Rxg5 hxg5 35. e5 g4 36. e6 g3 37. exf7+ Kh7 38. Qe4+ Kh6 39. Be1 Bg2+ 40. Kxg2 Qxh2+ 41. Kf1 g2+ 42. Ke2 g1=Q+ 43. Kd3 Qxc5 44. Qe6+ g6 45. Bc3 Qd6+ 46. Bd5 Qa3 47. Bb3 Qh4 48. Qc8 Qd6+ 49. Bd4 Qhd8 50. Qh3+ Kg5 51. Qg4+ Kh6 52. Qh3+ 1/2-1/2

[Event "Xtracon Invite Chess 2020"]
[Site "Vaerloese"]
[Date "2020.01.18"]
[Round "8.2"]
[White "Thybo, Jesper Sondergaard"]
[Black "Sveshnikov, Evgeny"]
[Result "1-0"]
[ECO "E04"]
[WhiteElo "2579"]
[BlackElo "2481"]
[Annotator "ChessBase"]
[PlyCount "57"]
[EventDate "2020.01.13"]
[EventType "tourn"]
[EventCountry "DEN"]
[SourceTitle "playchess.com"]
[Source "ChessBase"]
[SourceQuality "1"]
[TimeControl "40/5400+30:1800+30"]

1. d4 d5 2. c4 e6 3. Nf3 Nf6 4. g3 dxc4 5. Bg2 c5 6. O-O Nc6 7. dxc5 Qxd1 8. Rxd1 Bxc5 9. Nbd2 c3 10. bxc3 O-O 11. Nb3 Be7 12. Nfd4 Bd7 13. Nb5 Rfd8 14. Be3 Ne5 15. a4 a6 16. Bxb7 axb5 17. Bxa8 Rxa8 18. Bd4 Neg4 19. axb5 Rxa1 20. Rxa1 Bxb5 21. h3 e5 22. Ra8+ Ne8 23. hxg4 exd4 24. Nxd4 Bd7 25. Ra7 Nf6 26. g5 Bc5 27. Rb7 Bxd4 28. gxf6 Bxc3 29. Rb8+ 1-0

[Event "Xtracon Invite Chess 2020"]
[Site "Vaerloese"]
[Date "2020.01.18"]
[Round "8.3"]
[White "Antonsen, Mikkel"]
[Black "Kristensen, Kaare Hove"]
[Result "1/2-1/2"]
[ECO "A05"]
[WhiteElo "2384"]
[BlackElo "2350"]
[Annotator "ChessBase"]
[PlyCount "100"]
[EventDate "2020.01.13"]
[EventType "tourn"]
[EventCountry "DEN"]
[SourceTitle "playchess.com"]
[Source "ChessBase"]
[SourceQuality "1"]
[TimeControl "40/5400+30:1800+30"]

1. Nf3 Nf6 2. g3 c5 3. Bg2 Nc6 4. O-O d5 5. d4 e6 6. c4 dxc4 7. dxc5 Qxd1 8. Rxd1 Bxc5 9. Nbd2 c3 10. bxc3 O-O 11. Nb3 Be7 12. c4 Bd7 13. Bb2 Rfd8 14. Nfd4 Rac8 15. Nb5 Be8 16. c5 Nb4 17. Nd6 Bxd6 18. cxd6 Bc6 19. Rac1 Bxg2 20. Kxg2 Rxc1 21. Rxc1 h6 22. e4 Nd3 23. Bxf6 gxf6 24. Rc7 Rxd6 25. Rxb7 Ra6 26. Rd7 Nb4 27. Rd4 Nxa2 28. Nc5 Rc6 29. Nd3 Nc3 30. e5 fxe5 31. Rd8+ Kg7 32. Rd7 Kf6 33. Rxf7+ Kxf7 34. Nxe5+ Kf6 35. Nxc6 a6 36. f4 Nd5 37. Kf3 Ne7 38. Na5 h5 39. g4 hxg4+ 40. Kxg4 Nf5 41. h4 Kg6 42. Nc4 Nh6+ 43. Kf3 Nf5 44. Kg4 Ne7 45. Kf3 Nc6 46. Ke4 a5 47. h5+ Kf6 48. h6 a4 49. h7 Kg7 50. f5 exf5+ 1/2-1/2

[Event "Xtracon Invite Chess 2020"]
[Site "Vaerloese"]
[Date "2020.01.19"]
[Round "9.2"]
[White "Kristensen, Kaare Hove"]
[Black "Brunello, Sabino"]
[Result "1-0"]
[ECO "B80"]
[WhiteElo "2350"]
[BlackElo "2536"]
[Annotator "ChessBase"]
[PlyCount "79"]
[EventDate "2020.01.13"]
[EventType "tourn"]
[EventCountry "DEN"]
[SourceTitle "playchess.com"]
[Source "ChessBase"]
[SourceQuality "1"]
[TimeControl "40/5400+30:1800+30"]

1. e4 c5 2. Nf3 d6 3. d4 cxd4 4. Nxd4 Nf6 5. Nc3 e6 6. Be3 Be7 7. f4 a6 8. Qf3 Qc7 9. g4 b5 10. g5 Nfd7 11. O-O-O b4 12. Nd5 exd5 13. Nf5 dxe4 14. Qxe4 Nc5 15. Qxe7+ Qxe7 16. Nxe7 Kxe7 17. Bxc5 dxc5 18. Bg2 Ra7 19. Rhe1+ Be6 20. f5 a5 21. fxe6 fxe6 22. Bd5 Ra6 23. Bc4 Rb6 24. Rd2 Rc8 25. Rde2 Rcc6 26. Re3 Rd6 27. b3 Nd7 28. Rh3 Nf8 29. Rf3 Ng6 30. Rh3 Nf8 31. Rf1 Rd4 32. Rhf3 Ng6 33. Rf7+ Kd6 34. Rxg7 Rh4 35. Rd1+ Ke5 36. Rf7 Rd6 37. Re1+ Re4 38. Rxe4+ Kxe4 39. Rxh7 Nf4 40. g6 {[%emt 0:00:58] Kd5} 1-0

[Event "Xtracon Invite Chess 2020"]
[Site "Vaerloese"]
[Date "2020.01.19"]
[Round "9.5"]
[White "Sylvan, Jacob"]
[Black "Antonsen, Mikkel"]
[Result "1/2-1/2"]
[ECO "A36"]
[WhiteElo "2325"]
[BlackElo "2384"]
[Annotator "ChessBase"]
[PlyCount "30"]
[EventDate "2020.01.13"]
[EventType "tourn"]
[EventCountry "DEN"]
[SourceTitle "playchess.com"]
[Source "ChessBase"]
[SourceQuality "1"]
[TimeControl "40/5400+30:1800+30"]

1. c4 c5 2. g3 Nc6 3. Bg2 g6 4. Nc3 Bg7 5. a3 b6 6. e3 Ba6 7. d3 e6 8. Nge2 Nge7 9. b4 Bb7 10. Rb1 Rb8 11. bxc5 bxc5 12. Rb5 a6 13. Rb1 d5 14. cxd5 exd5 15. d4 c4 1/2-1/2